 Dungeon Crawl Stone Soup version 0.29.0-4-gdea44cf6ec (webtiles) character file.

Game seed: 7628972886093897665

61 qw the Sneak (level 4, 0/28 HPs)
             Began as a Gargoyle Delver on Sept 10, 2022.
             Slain by a river rat (7 damage)
             ... summoned by Eustachio
             ... on level 5 of the Dungeon.
             The game lasted 00:00:03 (136 turns).

qw the Sneak (Gargoyle Delver)                       Turns: 136, Time: 00:00:04

Health: 0/28       AC:  6    Str: 18    XL:     4   Next: 7%
Magic:  4/4        EV: 11    Int: 10    God:
Gold:   24         SH:  0    Dex: 11    Spells: 3/3 levels left

rFire   . . .      SeeInvis .   i - +0 war axe
rCold   . . .      Faith    .   (no shield)
rNeg    + . .      Spirit   .   b - +0 leather armour
rPois   inf        Reflect  .   (no helmet)
rElec   +          Harm     .   (no cloak)
rCorr   .          Rampage  .   (no gloves)
Will    .....                   (no boots)
Stlth   +++.......              (no amulet)
HPRegen 0.09/turn               (no ring)
MPRegen 0.09/turn               (no ring)

@: no status effects
A: sickness immunity, AC +3, negative energy resistance 1, electricity
resistance, torment resistance 1, petrification resistance
a: no special abilities


You were on level 5 of the Dungeon.
You visited 1 branch of the dungeon, and saw 1 of its levels.

You collected 24 gold pieces.


Innate Abilities, Weirdness & Mutations

You are immune to sickness and miasma.
Your stone body is resilient. (AC +3)
You are immune to poison.
You resist negative energy. (rN+)
You are resistant to electric shocks. (rElec)
You are resistant to unholy torment.
You are immune to petrification.


   Skills:
 - Level 3.2 Fighting
 + Level 3.8 Axes
 - Level 1.5 Dodging
 - Level 5.4 Stealth


You had 3 spell levels left.
You didn't know any spells.
Your spell library was empty.

Inventory:

Hand Weapons
 a - a +0 hand axe
 i - a +0 war axe (weapon)
Armour
 b - a +0 leather armour (worn)
 h - a +2 pair of boots
Wands
 g - a wand of digging (3)
Scrolls
 c - a scroll of fog
 d - a scroll of magic mapping
 e - a scroll of fear
Potions
 f - a potion of haste

Dungeon Overview and Level Annotations

Branches:
Dungeon (5/15)
 Temple: D:4-7

Altars:

Annotations:
D:5 Eustachio


Message History

The ufetubus misses you. The ufetubus hits you.
The ufetubus hits you but does no damage.
The ufetubus closely misses you.
You slash Eustachio!
Eustachio is moderately wounded.
You closely miss the ufetubus. The ufetubus closely misses you.
The ufetubus hits you. Eustachio hits you with a +0 rapier.
The ufetubus misses you. The ufetubus hits you.
You slash Eustachio!
Eustachio is heavily wounded.
You hit the ufetubus. Eustachio hits you but does no damage.
The ufetubus hits you. The ufetubus barely misses you.
Eustachio barely misses you.
You slash the ufetubus!
You kill the ufetubus!
The ufetubus disappears in a puff of smoke!
You barely miss Eustachio.
Eustachio casts a spell.
You barely miss Eustachio.
Eustachio is heavily wounded.
You hit the rat. You hit the river rat. x2
Eustachio casts a spell.
The river rat misses you. The rat bites you. The river rat barely misses you.
You hit the rat.
You kill the rat!
The rat's corpse disappears in a puff of smoke!
You slash the river rat!
You kill the river rat!
The river rat's corpse disappears in a puff of smoke!
You hit the river rat but do no damage. You closely miss Eustachio.
Eustachio hits you with a +0 rapier.
The river rat bites you but does no damage.
Eustachio hits you with a +0 rapier. The river rat bites you.
You barely miss Eustachio.
Eustachio is heavily wounded.
You hit the river rat.
Eustachio mumbles some strange words.
Eustachio blinks!
The river rat bites you!
You die...

#.##...~~. #...
#.##~..~~. ###...
#.##.~.~~. .....
#####......~~. #...
#......#..~~~~
#..####.####.##..~~.
#...............~~.
+¤.¤......#.....~~.
#r@......##..###~~#
#r¤####.####... #~#
#@55 #... ...## ~#
##.. ######..# ##.
+. #. ..


You could see Eustachio, a quasit (summoned), a river rat (summoned), a shadow
imp (summoned) and a rat (summoned).

Vanquished Creatures
  A necrophage (D:5)
1 creature vanquished.

Notes
Turn   | Place    | Note
-------+----------+-------------------------------------------
     0 | D:5      | qw the Gargoyle Delver began the quest for the Orb.
     0 | D:5      | Reached XP level 1. HP: 14/14 MP: 1/1
     0 | D:5      | 0 ||| qw: Version: 0.1-a-116-g5d60599
     0 | D:5      | 0 ||| qw: Game counter: 9351
     0 | D:5      | 0 ||| qw: Always use a shield: true
     0 | D:5      | 0 ||| qw: God list: Okawaru
     0 | D:5      | 0 ||| qw: Allow faded altars: false
     0 | D:5      | 0 ||| qw: Do Orc after D:15 true
     0 | D:5      | 0 ||| qw: Do second Lair branch before Depths: true
     0 | D:5      | 0 ||| qw: Lair rune preference: random
     0 | D:5      | 0 ||| qw: Plans: Normal
     0 | D:5      | 0 ||| PLANNING D:1-11
    31 | D:5      | Noticed a necrophage
    31 | D:5      | Noticed a scorpion
    32 | D:5      | 32 ||| Stepping ~*~*~tactically~*~*~ (stealth).
    34 | D:5      | 34 ||| Stepping ~*~*~tactically~*~*~ (stealth).
    39 | D:5      | 39 ||| Stepping ~*~*~tactically~*~*~ (stealth).
    56 | D:5      | Killed a necrophage
    57 | D:5      | Reached skill level 3 in Axes
    57 | D:5      | Reached XP level 2. HP: 15/19 MP: 2/2
    57 | D:5      | Reached XP level 3. HP: 18/23 MP: 3/3
    57 | D:5      | Reached XP level 4. HP: 22/28 MP: 4/4
   124 | D:5      | Noticed Eustachio
   125 | D:5      | 125 ||| SWAPPING to +0 war axe.
   135 | D:5      | HP: 7/28 [river rat[Eustachio] (2)]
   136 | D:5      | Slain by a river rat

Levels and vault maps discovered:
D:5:      layout_loops_cross, chequers_serial_rivers_small_3,
          nicolae_specific_store, nicolae_hexahallways, minmay_misc_feat_tower,
          abandoned_shop, uniq_eustachio, uniq_duvessa

Skill      XL: |  1 |
---------------+----+-----
Axes           | 3 |  3.8
Fighting       | |  3.2
Dodging        | |  1.5
Stealth        | |  5.4

Action                   |  1- 3 |  4- 6 || total
-------------------------+-------+-------++-------
Melee: Hand axe          |    15 |       ||    15
       War axe           |       |     7 ||     7
Armor: Leather armour    |     6 |     3 ||     9
Dodge: Dodged            |     8 |     8 ||    16

Table legend:
 A = Non-vault XP
 B = Vault XP
 C = Vault XP percentage of total XP
 D = Non-vault monster count
 E = Vault monster count
 F = Vault count percentage of total count
                 A         B        C        D         E       F
            +---------+---------+-------+---------+---------+-------
      Total |      88 |       0 |   0.0 |       1 |       0 |   0.0
            +---------+---------+-------+---------+---------+-------
        D:5 |      88 |       0 |   0.0 |       1 |       0 |   0.0
            +---------+---------+-------+---------+---------+-------
